cohdb
Replays
Latest Replays
All Replays
Popular Replays
Top Player Replays
Match Explorer
How It Works
Community
CoH3 Stats
Reddit
Sign in to upload your games and track your stats! →
Sign in with Steam
Match 43777637
Unlisted
Match 43777637
Overview
Messages
Build Orders
End
Construct Barracks
Riflemen Squad
Riflemen Squad
1⁄4-ton 4x4 Truck
Grenade Package
Riflemen Squad
Construct Weapon Support Center
M1919 Machine Gun Team
Selects Heavy Weapons
Selects M2HB .50cal Heavy Machine Gun
Infantry Support Center
Construct Medical Station
Bazooka Squad
Construct Motor Pool
M1 Anti-tank Gun Team
Selects Rapid Reposition
M24 Chaffee Light Tank
M1918 Browning Automatic Rifles
M1919 Machine Gun Team
Engineer Squad
Survival Training
Advanced Logistics
.30 cal Machine Gun
Selects Black Dragon Artillery Barrage
.30 cal Machine Gun
.30 cal Machine Gun
Selects Assault Carriers
Selects Halftrack Strongpoints
BUBBA_ACTUAL
JollyRedRockett
Adumb
∞ | Hachiko
0
0
Comments
sign in to comment!
No comments posted yet!